 Dungeon Crawl Stone Soup version 0.31-a0-965-g8a8ce12e04 (webtiles) character file.

Game seed: 10240984727017155603

208 FDRCH the Ruffian (level 5, -3/39 HPs)
             Began as a Gnoll Shapeshifter on Oct 25, 2023.
             Slain by a gnoll
             ... wielding a +0 whip
              (6 damage)
             ... on level 3 of the Dungeon.
             The game lasted 00:08:59 (2509 turns).

FDRCH the Ruffian (Gnoll Shapeshifter)              Turns: 2509, Time: 00:09:00

Health: -3/39      AC:  2    Str: 16    XL:     5   Next: 86%
Magic:  7/7        EV: 13    Int: 17    God:
Gold:   107        SH:  0    Dex: 11    Spells: 7/7 levels left

rFire   . .          .
                       - Unarmed
rCold   . . .        (shield currently unavailable)
rNeg    . . .        a - +0 animal skin
rPois   .            (no helmet)
rElec   .            (no cloak)
rCorr   +            (no gloves)
SInv    .            (no boots)
Will    .....        (no amulet)
Stlth   +            i - +6 ring of intelligence
HPRegen 0.26/turn    e - ring of Utoad {rCorr Str+2}
MPRegen 0.10/turn

%: no passive effects
@: flux-form, glowing
A: glow, contaminating, reduced hp, fangs 1, strong nose, distributed training
a: Begin Untransformation


You were on level 3 of the Dungeon.
You were something dangerously unstable.
You visited 1 branch of the dungeon, and saw 3 of its levels.

You collected 107 gold pieces.

Inventory:

Armour
 a - a +0 animal skin (worn)
Jewellery
 e - the ring of Utoad (right hand) {rCorr Str+2}
   (You acquired it on level 2 of the Dungeon)

   [ring of resist corrosion]

   Str+2:     It affects your strength (+2).
   rCorr:     It protects you from acid and corrosion.
 i - a +6 ring of intelligence (left hand)
Talismans
 c - a beast talisman
 d - a flux talisman (active)
Wands
 j - a wand of flame (14)
 q - a wand of paralysis (8)
Scrolls
 g - a scroll of torment {unknown}
 h - a scroll of amnesia {unknown}
 l - a scroll of fog {unknown}
 o - a scroll of silence {unknown}
 p - a scroll of enchant weapon {unknown}
Potions
 b - a potion of lignification
 f - 3 potions of mutation {unknown}
 k - a potion of haste {unknown}
 m - a potion of enlightenment {unknown}
 n - 3 potions of degeneration {unknown}


   Skills:
 + Level 3.1 Fighting
 + Level 1.7 Short Blades
 + Level 1.7 Long Blades
 + Level 1.7 Axes
 + Level 1.7 Maces & Flails
 + Level 1.7 Polearms
 + Level 1.7 Staves
 + Level 1.7 Ranged Weapons
 + Level 1.7 Throwing
 + Level 1.7 Armour
 + Level 4.9 Dodging
 + Level 1.7 Stealth
 + Level 1.7 Shields
 + Level 6.7 Unarmed Combat
 + Level 1.7 Spellcasting
 + Level 1.3 Conjurations
 + Level 1.3 Hexes
 + Level 1.3 Summonings
 + Level 1.3 Necromancy
 + Level 1.3 Translocations
 + Level 1.3 Transmutations
 + Level 1.3 Fire Magic
 + Level 1.3 Ice Magic
 + Level 1.3 Air Magic
 + Level 1.3 Earth Magic
 + Level 1.3 Poison Magic
 + Level 1.9 Invocations
 + Level 1.7 Evocations
 + Level 6.7 Shapeshifting


You had 7 spell levels left.
You didn't know any spells.
Your spell library contained the following spells:

 Spells                   Type           Power      Damage    Failure   Level
 Blink                    Tloc           12%        N/A       17%         2
 Lesser Beckoning         Tloc           12%        N/A       17%         2
 Momentum Strike          Conj/Tloc      12%        3d8       17%         2


Dungeon Overview and Level Annotations

Branches:
Dungeon (3/15)

Altars:
Nemelex Xobeh

Shops:
D:2 (=


Innate Abilities, Weirdness & Mutations

You are something dangerously unstable.
You glow with magical radiation, making you easy to see and hit.
Foes you strike become dangerously contaminated with magical radiation.
Your maximum health is decreased, since you lack skill for your form.
You are incapable of wielding weapons or throwing items.
You have very sharp teeth.
Your uncanny sense of smell can sniff out nearby items.
Your experience applies equally to all skills.


Message History

The gnoll shouts! x2
A gnoll comes into view. It is wielding a +0 spear.
The gnoll shouts!
You barely miss the gnoll. The gnoll hits you with a +0 whip.
You barely miss the gnoll. You bite the gnoll.
The gnoll is lightly wounded.
You hit the gnoll but do no damage.
The gnoll begins to glow.
You bite the gnoll, but do no damage.
The gnoll is lightly wounded.
The gnoll hits you with a +0 whip!
You hit the gnoll but do no damage.
The gnoll glows dangerously bright.
You bite the gnoll, but do no damage.
The gnoll is lightly wounded.
The gnoll hits you with a +0 whip!
You hit the gnoll.
The gnoll shudders as magic cascades through it.
You kill the gnoll!
You barely miss the gnoll. The gnoll misses you. The gnoll barely misses you.
You barely miss the gnoll. The gnoll hits you with a +0 whip!
The gnoll hits you from afar with a +0 spear.
You are too injured to fight recklessly!
You are too injured to fight recklessly!
You are too injured to fight recklessly!
You are too injured to fight recklessly!
You are too injured to fight recklessly!
You hit the gnoll.
The gnoll begins to glow.
You bite the gnoll, but do no damage.
The gnoll is lightly wounded.
The gnoll hits you with a +0 whip.
* * * LOW HITPOINT WARNING * * *
The gnoll hits you from afar with a +0 spear.
* * * LOW HITPOINT WARNING * * *
The gnoll attacks as it pursues you! The gnoll misses you.
The gnoll stops glowing.
The gnoll attacks as it pursues you! The gnoll hits you with a +0 whip!
* * * LOW HITPOINT WARNING * * *
The gnoll attacks as it pursues you! The gnoll hits you with a +0 whip.
* * * LOW HITPOINT WARNING * * *
The gnoll attacks as it pursues you! The gnoll hits you with a +0 whip.
You die...

#.......####......## ##...(...##
#..##.## #~~.~.....# #.###.##
#~.~..~..≈# ### #g.##
#≈~≈~≈~~≈~# ##..## ##≈≈≈≈≈≈≈##
##..# #≈≈≈≈≈≈≈# ########.#####
##≈≈≈≈≈## ##......g.....#
###########....pg.......#
#.......................##
#.......##...............##
#.......##.........#####..######
#..)....##......................
#.<[.)..##............###.######
######..###.......###.# #.....##
#.###.........##.#######..# #.#
#.........##...######)#


You could see 2 gnolls.

Vanquished Creatures
  Natasha (thrice) (D:3)
  An orc wizard (D:3)
  Robin (D:2)
  2 adders
  A gnoll (D:3)
  6 orcs
  3 ball pythons (D:1)
  3 bats (D:1)
  7 endoplasms
  A giant cockroach (D:2)
  15 goblins
  6 hobgoblins
  2 jackals (D:1)
  2 quokkas
  3 frilled lizards
  5 kobolds
61 creatures vanquished.

Notes
Turn   | Place    | Note
-------+----------+-------------------------------------------
     0 | D:1      | FDRCH the Gnoll Shapeshifter began the quest for the Orb.
     0 | D:1      | Reached XP level 1. HP: 17/17 MP: 1/1
    66 | D:1      | Reached XP level 2. HP: 13/23 MP: 2/2
   485 | D:1      | Reached XP level 3. HP: 26/28 MP: 3/3
   922 | D:2      | Reached skill level 1 in Invocations
   935 | D:2      | Noticed Robin
   968 | D:2      | Killed Robin
   969 | D:2      | Reached skill level 1 in Short Blades
   969 | D:2      | Reached skill level 1 in Long Blades
   969 | D:2      | Reached skill level 1 in Axes
   969 | D:2      | Reached skill level 1 in Maces & Flails
   969 | D:2      | Reached skill level 1 in Polearms
   969 | D:2      | Reached skill level 1 in Staves
   969 | D:2      | Reached skill level 1 in Ranged Weapons
   969 | D:2      | Reached skill level 1 in Throwing
   969 | D:2      | Reached skill level 1 in Armour
   969 | D:2      | Reached skill level 1 in Stealth
   969 | D:2      | Reached skill level 1 in Shields
   969 | D:2      | Reached skill level 1 in Spellcasting
   969 | D:2      | Reached skill level 1 in Evocations
  1005 | D:2      | Reached XP level 4. HP: 24/34 MP: 5/5
  1098 | D:2      | Found Noudeow's Jewellery Shoppe.
  1135 | D:2      | Found Tunor's Antique Weapon Emporium.
  1476 | D:2      | Found a sparkling altar of Nemelex Xobeh.
  1839 | D:2      | Identified a scroll of acquirement
  1840 | D:2      | Acquired the ring of Utoad {rCorr Str+2}
  2016 | D:3      | Reached skill level 1 in Conjurations
  2016 | D:3      | Reached skill level 1 in Hexes
  2016 | D:3      | Reached skill level 1 in Summonings
  2016 | D:3      | Reached skill level 1 in Necromancy
  2016 | D:3      | Reached skill level 1 in Translocations
  2016 | D:3      | Reached skill level 1 in Transmutations
  2016 | D:3      | Reached skill level 1 in Fire Magic
  2016 | D:3      | Reached skill level 1 in Ice Magic
  2016 | D:3      | Reached skill level 1 in Air Magic
  2016 | D:3      | Reached skill level 1 in Earth Magic
  2016 | D:3      | Reached skill level 1 in Poison Magic
  2199 | D:3      | Reached XP level 5. HP: 38/40 MP: 5/7
  2305 | D:3      | Noticed Natasha
  2313 | D:3      | Killed Natasha
  2367 | D:3      | Noticed Natasha
  2374 | D:3      | Killed Natasha
  2404 | D:3      | Noticed Natasha
  2410 | D:3      | Killed Natasha
  2504 | D:3      | HP: 1/39 [gnoll/+0 whip (5)]
  2509 | D:3      | Slain by a gnoll

Illustrated notes

Levels and vault maps discovered:
D:1:      minmay_arrival_four_circles, layout_basic, hangedman_decor_push,
          chequers_garden
D:2:      layout_basic, basic_altar, serial_bayou, serial_bayou_crossing,
          serial_bayou_pond_a, serial_bayou_ford_a, serial_bayou_shore_b,
          serial_bayou_lagoon_a, serial_bayou_pond_a, serial_shops, shop,
          nicolae_shop_just_a_little_nook, uniq_robin
D:3:      layout_rooms, nicolae_underground_beach, uniq_natasha

Skill      XL: |  1  2  3  4  5 |
---------------+----------------+-----
Invocations    | 1 |  1.9
Short Blades   | 1 |  1.7
Long Blades    | 1 |  1.7
Axes           | 1 |  1.7
Maces & Flails | 1 |  1.7
Polearms       | 1 |  1.7
Staves         | 1 |  1.7
Ranged Weapons | 1 |  1.7
Throwing       | 1 |  1.7
Armour         | 1 |  1.7
Stealth        | 1 |  1.7
Shields        | 1 |  1.7
Spellcasting   | 1 |  1.7
Evocations     | 1 |  1.7
Conjurations   | 1 |  1.3
Hexes          | 1 |  1.3
Summonings     | 1 |  1.3
Necromancy     | 1 |  1.3
Translocations | 1 |  1.3
Transmutations | 1 |  1.3
Fire Magic     | 1 |  1.3
Ice Magic      | 1 |  1.3
Air Magic      | 1 |  1.3
Earth Magic    | 1 |  1.3
Poison Magic   | 1 |  1.3
Fighting       | 3 |  3.1
Dodging        | |  4.9
Unarmed Combat | |  6.7
Shapeshifting  | |  6.7

Action                     |  1- 3 |  4- 6 || total
---------------------------+-------+-------++-------
  Melee: Unarmed           |    86 |   105 ||   191
         Bite              |     8 |    10 ||    18
    Use: Scroll            |       |     3 ||     3
 Armour: Animal skin       |    31 |    46 ||    77
  Dodge: Dodged            |    56 |    70 ||   126
   Form: Flux              |     1 |       ||     1

Table legend: (Time is in decaauts)
 A = Elapsed time spent in this place.
 B = Non-inter-level travel time spent in this place.
 C = Inter-level travel time spent in this place.
 D = Time resting spent in this place.
 E = Time spent auto-exploring this place.
 F = Levels seen in this place.
 G = Mean time per level.
                   A        B        C        D        E       F      G
               +--------+--------+--------+--------+--------+-----+--------+
         Total |   2505 |   2465 |     40 |    321 |   1613 |   3 |  835.0 |
       Dungeon |   2505 |   2465 |     40 |    321 |   1613 |   3 |  835.0 |
               +--------+--------+--------+--------+--------+-----+--------+

Top non-repeatable levels by time:
     D:2: 1213 daAuts
     D:1: 835 daAuts
     D:3: 455 daAuts
